 Dungeon Crawl Stone Soup version 0.14-a0-2691-g997c442 (webtiles) character file.

6363 Psiweapon the Hoplite (level 10, 0/93 HPs)
             Began as a Minotaur Fighter on Feb 18, 2014.
             Was an Elder of Okawaru.
             Slain by a wolf (5 damage)
             ... on Level 1 of the Lair of Beasts.
             The game lasted 00:48:03 (7823 turns).

Psiweapon the Hoplite (Minotaur Fighter)            Turns: 7823, Time: 00:48:04

HP   0/93        AC 14     Str 25      XL: 10   Next: 56%
MP   4/4         EV  7     Int  5      God: Okawaru [****..]
Gold 329         SH 24     Dex  9      Spells:  0 memorised,  9 levels left

rFire  x . .     SeeInvis .     a - +0 war axe
rCold  + . .     Clarity  +     O - +0 elf chain mail
rNeg   . . .     Conserve .     c - +0 shield (curse)
rPois  .         rCorr    .     (helmet restricted)
rElec  .         rRot     .     (no cloak)
SustAb . .       Spirit   .     (no gloves)
rMut   .         Warding  .     L - +1 pair of boots
Saprov . . .     Stasis   .     T - amulet of clarity
MR     .....                    (no ring)
                                u - ring of ice

@: not resistant to hostile enchantments, extremely unstealthy
A: retaliatory headbutt, horns 2
a: Heroism, Renounce Religion


You were on level 1 of the Lair of Beasts.
You worshipped Okawaru.
Okawaru was greatly pleased with you.
You were not hungry.

You visited 3 branches of the dungeon, and saw 11 of its levels.

You collected 329 gold pieces.

Inventory:

Hand weapons
 a - a +0,+0 war axe (weapon)
 o - a +0 blowgun
 r - a +0,+0 hand axe
 B - a +0,+0 bow
 H - a +2,+2 dwarven cutlass of holy wrath
Missiles
 h - 3 darts (quivered)
 n - 4 stones
 p - 32 poisoned needles
 z - 4 tomahawks
 A - 16 arrows of frost
 C - 77 arrows
 E - 2 tomahawks of returning
 S - 13 exploding darts
 U - 8 curare-tipped needles
Armour
 c - a cursed +0 shield (worn)
 L - a +1 pair of boots (worn)
 O - a +0 elven chain mail (worn)
Magical devices
 x - a wand of slowing (8)
 G - a wand of disintegration (10)
 N - a wand of flame (6)
Comestibles
 d - 6 bread rations
 f - 3 meat rations
 j - 2 pears
 q - 7 sultanas
 Q - 6 strawberries
 V - a chunk of jackal flesh
Scrolls
 b - a scroll of noise {unknown}
 e - 5 scrolls of remove curse
 g - 4 scrolls of identify
 k - a scroll of teleportation {unknown}
 l - 2 scrolls of recharging {unknown}
 m - 4 scrolls of curse jewellery {unknown}
 t - a scroll of enchant weapon I {unknown}
 w - 2 scrolls of magic mapping {unknown}
 F - 2 scrolls of enchant armour {unknown}
 I - a scroll of enchant weapon II {unknown}
 J - 2 scrolls of fear {unknown}
 P - 2 scrolls of amnesia {unknown}
Jewellery
 u - a ring of ice (left hand)
 y - an uncursed amulet of resist corrosion
 T - an amulet of clarity (around neck)
Potions
 i - a potion of lignification {unknown}
 s - 2 potions of brilliance {unknown}
 v - 3 potions of curing
 D - a potion of agility {unknown}
 K - a potion of speed {unknown}
 R - a potion of invisibility {unknown}
Books
 M - a book of Annihilations {highlevel}

   This book is beyond your current level of understanding.

   Spells                             Type                      Level
   Poison Arrow                       Conjuration/Poison           6
   Chain Lightning                    Conjuration/Air              8
   Lehudib's Crystal Spear            Conjuration/Earth            8
   Ice Storm                          Conjuration/Ice              9
   Fire Storm                         Conjuration/Fire             9


   Skills:
 + Level 10.0 Fighting
 + Level 7.7 Axes
 - Level 3.5 Bows
 + Level 4.5 Throwing
 + Level 10.0 Armour
 + Level 10.2 Shields


You had 9 spell levels left.
You didn't know any spells.

Dungeon Overview and Level Annotations

Branches:
Dungeon (9/16)             Temple (1/1) D:5            Lair (1/8) D:8
    Orc: D:9-12

Altars:
Ashenzari
Cheibriados
Dithmenos
Elyvilon
Fedhas
Kikubaaqudgha
Makhleb
Nemelex Xobeh
Okawaru
Sif Muna
Trog
Vehumet
Xom
Yredelemnul
Zin
The Shining One

Shops:
D:7 (


Innate Abilities, Weirdness & Mutations

You reflexively headbutt those who attack you in melee.
You have a pair of horns on your head.


Message History

* * * LOW HITPOINT WARNING * * *
The wolf bites you but does no damage.
You hit the wolf.
The wolf is moderately wounded.
The wolf bites you but does no damage. The wolf bites you.
* * * LOW HITPOINT WARNING * * *
You closely miss the wolf. Your headbutt misses the wolf.
The wolf is moderately wounded.
The wolf bites you.
* * * LOW HITPOINT WARNING * * *
The wolf bites you.
* * * LOW HITPOINT WARNING * * *
You closely miss the wolf.
You headbutt the wolf, but do no damage.
The wolf is moderately wounded.
You block the wolf's attack.
You hit the wolf but do no damage. Your headbutt misses the wolf.
The wolf is moderately wounded.
The wolf bites you.
You die...

.....# . .....## ...
####... ......#
...##.......
......####....#.f......
........................
....................#...
#...#...................
##.####.......#..h.......
...# #.......##@#......
P### ##......f#.#.......
## #.f.....#.......f# #
#......##.......## #
#......##.......##
#########........).......
f##............#.........
###....f%#..#..#.........
# #............#.[......


You could see a wolf.

Vanquished Creatures
  Joseph (D:7)
  2 black mambas (Lair:1)
  A spiny frog (Lair:1)
  Grinder (D:4)
  A spriggan (D:7)
  A two-headed ogre (D:9)
  3 yaks (Lair:1)
  A necrophage (D:6)
  4 wolves (Lair:1)
  A hungry ghost (D:8)
  A phantom (D:4)
  4 ogres
  An orc warrior (D:8)
  A sky beast (D:6)
  3 centaurs
  A crocodile (Lair:1)
  3 giant frogs
  A hippogriff skeleton (D:6)
  9 killer bees (D:8)
  A crimson imp (D:5)
  3 jellies
  A centaur skeleton (D:5)
  4 orc priests
  2 hounds (D:4)
  4 scorpions
  10 worker ants
  5 orc wizards
  2 iguanas
  Jessica (D:3)
  A mummy (D:8)
  5 gnolls
  11 adders
  A giant centipede (Lair:1)
  5 worms
  2 giant mites
  3 orc skeletons
  A giant eyeball (D:5)
  3 giant geckos
  35 orcs
  11 bats
  8 giant cockroaches
  3 goblins
  7 hobgoblins
  8 kobolds
  5 quokkas
  2 ball pythons
  3 giant newts
  A goblin skeleton (D:4)
  A hobgoblin skeleton (D:5)
  A hobgoblin zombie (D:7)
  19 jackals
  11 rats
  2 ballistomycetes (D:8)
  A fungus (D:8)
223 creatures vanquished.

Vanquished Creatures (others)
  A bat (D:8)
  A giant spore (D:8)
  A fungus (Lair:1)
3 creatures vanquished.

Grand Total: 226 creatures vanquished

Notes
Turn   | Place    | Note
--------------------------------------------------------------
     0 | D:1      | Psiweapon, the Minotaur Fighter, began the quest for the Orb.
     0 | D:1      | Reached XP level 1. HP: 19/19 MP: 1/1
   178 | D:2      | Reached XP level 2. HP: 24/27 MP: 1/1
   224 | D:2      | Reached skill level 4 in Fighting
   362 | D:2      | Reached XP level 3. HP: 29/33 MP: 2/2
   824 | D:4      | Noticed a phantom
   870 | D:4      | Killed a phantom
   870 | D:4      | Reached XP level 4. HP: 31/41 MP: 2/2
   870 | D:4      | Reached XP level 5. HP: 35/47 MP: 2/2
  1041 | D:4      | Reached skill level 5 in Fighting
  1195 | D:4      | Reached skill level 5 in Shields
  1201 | D:4      | Reached skill level 5 in Armour
  1201 | D:4      | Reached XP level 6. HP: 46/56 MP: 3/3
  1535 | D:4      | Noticed Grinder
  1552 | D:4      | Paralysed by Grinder for 7 turns
  1560 | D:4      | Killed Grinder
  1560 | D:4      | Reached skill level 6 in Fighting
  1560 | D:4      | Reached skill level 5 in Axes
  1560 | D:4      | Reached XP level 7. HP: 30/63 MP: 3/3
  2088 | D:5      | Entered Level 5 of the Dungeon
  2361 | D:3      | Found a radiant altar of Vehumet.
  2372 | D:3      | Found a snail-covered altar of Cheibriados.
  2566 | D:3      | Noticed Jessica
  2570 | D:3      | Found a bloodstained altar of Trog.
  2583 | D:3      | Found a shadowy altar of Dithmenos.
  2583 | D:3      | Killed Jessica
  3172 | D:5      | Found a staircase to the Ecumenical Temple.
  3178 | Temple   | Entered the Ecumenical Temple
  3227 | Temple   | Became a worshipper of Warmaster Okawaru
  3273 | D:5      | Reached XP level 8. HP: 48/71 MP: 3/3
  3653 | D:5      | Reached skill level 7 in Shields
  3718 | D:5      | Paralysed by a giant eyeball for 3 turns
  3995 | D:6      | Acquired Okawaru's first power
  4072 | D:6      | Reached skill level 1 in Bows
  4630 | D:6      | Reached skill level 1 in Throwing
  4630 | D:6      | Reached skill level 8 in Shields
  4927 | D:7      | Found Psaatacs' Weapon Shoppe.
  5194 | D:7      | Found an ancient bone altar of Kikubaaqudgha.
  5205 | D:7      | Noticed a spriggan baker
  5221 | D:7      | Killed a spriggan baker
  5221 | D:7      | Reached XP level 9. HP: 66/81 MP: 1/4
  5259 | D:7      | Noticed Joseph
  5275 | D:7      | Killed Joseph
  5941 | D:8      | Found a staircase to the Lair.
  5993 | D:8      | Reached skill level 9 in Shields
  6684 | D:9      | Reached XP level 10. HP: 91/91 MP: 2/4
  7173 | Lair:1   | Entered Level 1 of the Lair of Beasts
  7491 | Lair:1   | Noticed a black mamba
  7509 | Lair:1   | Killed a black mamba
  7708 | Lair:1   | Noticed a six-headed hydra
  7713 | Lair:1   | Noticed a black mamba
  7724 | Lair:1   | Killed a black mamba
  7732 | Lair:1   | Reached skill level 10 in Shields
  7811 | Lair:1   | Reached skill level 10 in Fighting
  7811 | Lair:1   | Reached skill level 10 in Armour
  7821 | Lair:1   | HP: 4/93 [wolf (1)]
  7823 | Lair:1   | Slain by a wolf

Action                   |  1- 3 |  4- 6 |  7- 9 | 10-12 || total
-------------------------+-------+-------+-------+-------++-------
Melee: Hand axe          |    71 |       |     3 |     1 ||    75
       War axe           |    20 |    41 |   418 |   104 ||   583
 Fire: Blowgun           |     1 |    18 |    56 |       ||    75
       Bow               |       |       |    23 |     3 ||    26
Throw: Dart              |     2 |       |       |       ||     2
Invok: Heroism           |       |       |     4 |     2 ||     6
Evoke: Wand              |       |       |     3 |     2 ||     5
  Use: Scroll            |       |       |     6 |       ||     6
       Potion            |       |       |       |     3 ||     3
 Stab: Distracted        |       |       |       |     2 ||     2
